 Dungeon Crawl Stone Soup version 0.27.0-1-g7a089689b8 (webtiles) character file.

Game seed: 11838649487728663612

0 ZombieSheep the Thaumaturge (level 1, -2/13 HPs)
             Began as a Gnoll Wanderer on Aug 6, 2021.
             Slain by a kobold (3 damage)
             ... on level 1 of the Dungeon.
             The game lasted 00:00:24 (119 turns).

ZombieSheep the Thaumaturge (Gnoll Wanderer)         Turns: 119, Time: 00:00:25

Health: -2/13      AC:  2    Str:  8    XL:     1   Next: 10%
Magic:  10/10      EV: 11    Int: 11    God:
Gold:   11         SH:  0    Dex: 14    Spells: 17/18 levels left

rFire    . . .     SeeInvis .   a - +0 dagger
rCold    . . .     Faith    .   (no shield)
rNeg     . . .     Spirit   .   b - +0 robe
rPois    .         Reflect  .   (no helmet)
rElec    .         Harm     .   (no cloak)
rCorr    .         Rampage  .   (no gloves)
Will     .....                  (no boots)
Stlth    +.........             (no amulet)
HPRegen  0.04/turn              (no ring)
MPRegen  0.12/turn              (no ring)

@: no status effects
A: fangs 1, strong nose, distributed training
a: no special abilities


You were on level 1 of the Dungeon.
You visited 1 branch of the dungeon, and saw 1 of its levels.

You collected 11 gold pieces.

Inventory:

Hand Weapons
 a - a +0 dagger (weapon)
Armour
 b - a +0 robe (worn)
Scrolls
 d - a scroll of teleportation {unknown}
 e - a scroll of identify {unknown}
Miscellaneous
 c - a condenser vane


   Skills:
 + Level 0.0 Fighting
 + Level 0.0 Short Blades
 + Level 0.0 Long Blades
 + Level 0.0 Axes
 + Level 0.0 Maces & Flails
 + Level 0.0 Polearms
 + Level 0.0 Staves
 + Level 0.0 Slings
 + Level 0.0 Bows
 + Level 0.0 Crossbows
 + Level 0.0 Throwing
 + Level 0.0 Armour
 + Level 0.0 Dodging
 + Level 0.0 Stealth
 + Level 2.3 Shields
 + Level 0.0 Unarmed Combat
 + Level 9.2 Spellcasting
 + Level 0.0 Conjurations
 + Level 0.0 Hexes
 + Level 1.9 Summonings
 + Level 0.0 Necromancy
 + Level 0.0 Translocations
 + Level 0.0 Transmutations
 + Level 5.3 Fire Magic
 + Level 0.0 Ice Magic
 + Level 0.0 Air Magic
 + Level 0.0 Earth Magic
 + Level 0.0 Poison Magic
 + Level 0.0 Invocations
 + Level 2.3 Evocations


You had 17 spell levels left.
You knew the following spells:

 Your Spells              Type           Power      Damage    Failure   Level
a - Beastly Appendage     Tmut           10%        N/A       14%         1

Your spell library contained the following spells:

 Spells                   Type           Power      Damage    Failure   Level
 Corpse Rot               Necr/Air       N/A        N/A       22%         2
 Sublimation of Blood     Necr           2%         N/A       22%         2
 Spider Form              Tmut/Pois      2%         N/A       38%         3


Dungeon Overview and Level Annotations

Branches:
Dungeon (1/15)

Altars:


Innate Abilities, Weirdness & Mutations

You have very sharp teeth.
Your uncanny sense of smell can sniff out nearby items.
Your experience applies equally to all skills.


Message History

HP restored.
A jackal comes into view.
A jackal is nearby!
The jackal barks!
A kobold comes into view. It is wielding a +0 whip.
A jackal comes into view.
The kobold shouts!
The jackal barks!
You hear a bark!
A jackal comes into view.
A kobold comes into view.
It is wielding a +2 short sword of venom.
The jackal bites you.
You closely miss the jackal. The jackal bites you.
You closely miss the jackal. The jackal closely misses you.
The jackal bites you.
You hit the jackal.
The jackal is moderately wounded.
The jackal bites you. The jackal bites you.
You are too injured to fight recklessly!
You are too injured to fight recklessly!
You are too injured to fight recklessly!
You are too injured to fight recklessly!
You hit the kobold but do no damage. The kobold barely misses you.
You closely miss the kobold. The kobold barely misses you.
You hit the kobold.
The kobold is moderately wounded.
The kobold closely misses you.
You hit the kobold but do no damage. Your bite misses the kobold.
The kobold is moderately wounded.
The kobold misses you.
You miss the kobold.
The kobold is moderately wounded.
The kobold completely misses you.
You barely miss the kobold.
The kobold is moderately wounded.
The kobold hits you with a +0 whip.
* * * LOW HITPOINT WARNING * * *
You miss the kobold.
The kobold is moderately wounded.
The kobold hits you with a +0 whip.
You die...

#.#.# #∆#.#.##
#.#....####.#
#...........#
###.Kh.#####
#.#h## ...#h#
#####K# #@# #.#
#.# #.# #.# ##.#
########### #..#
##.........####..#
..............##.#


You could see 3 jackals and 2 kobolds.

Vanquished Creatures
  A rat (D:1)
1 creature vanquished.

Notes
Turn   | Place    | Note
-------+----------+-------------------------------------------
     0 | D:1      | Reached skill level 9 in Spellcasting
     0 | D:1      | ZombieSheep the Gnoll Wanderer began the quest for the Orb.
     0 | D:1      | ZombieSheep set off with the following items: a +0 dagger,
                  | a +0 robe, a condenser vane; and the following spell
                  | memorised: Beastly Appendage; and the following spells
                  | available to memorise: Corpse Rot, Sublimation of Blood,
                  | Spider Form
     0 | D:1      | Reached XP level 1. HP: 13/13 MP: 10/10
   119 | D:1      | Slain by a kobold

Illustrated notes

Levels and vault maps discovered:
D:1:      dpeg_arrival_stone_temple_mockup, layout_loops_ring

Skill      XL: | |
---------------+-+-----
Spellcasting   | |  9.2
Shields        | |  2.3
Summonings     | |  1.9
Fire Magic     | |  5.3
Evocations     | |  2.3

Action                   || total
-------------------------++-------
Melee: Dagger            ||    17
       Bite              ||     1
Dodge: Dodged            ||     8
